 Dungeon Crawl Stone Soup version 0.31-a0-263-ge8cad7f256 (webtiles) character file.

Game seed: 18384359349691239975

29743 qw the Marksminotaur (level 13, 0/116 HPs)
             Began as a Minotaur Hexslinger on July 13, 2023.
             Was a High Priest of Okawaru.
             Slain by a seven-headed hydra (5 damage)
             ... on level 5 of the Lair of Beasts.
             The game lasted 00:04:42 (9739 turns).

qw the Marksminotaur (Minotaur Hexslinger)          Turns: 9739, Time: 00:04:42

Health: 0/116      AC:  9    Str: 14    XL:     13   Next: 16%
Magic:  11/19      EV: 35    Int:  5    God:    Okawaru [*****.]
Gold:   621        SH:  0    Dex: 31    Spells: 13/14 levels left

rFire   . . .        Y - +0 orcbow (chaos)
rCold   . . .        (shield currently unavailable)
rNeg    . . .        j - +0 troll leather armour
rPois   +            (helmet restricted)
rElec   .            (no cloak)
rCorr   +            d - +1 pair of gloves
SInv    .            i - +0 pair of boots {rampage}
Will    .....        e - amulet of Gurot {Faith rPois rCorr Int-5 Dex+8}
Stlth   ++++         b - +5 ring of evasion
HPRegen 1.19/turn    f - +6 ring of dexterity
MPRegen 0.16/turn

%: rampage, faith
@: heroic, finesse-ful
A: horns 2, retaliatory headbutt
a: Renounce Religion, Heroism, Finesse, Duel


You were on level 5 of the Lair of Beasts.
You worshipped Okawaru.
Okawaru was extremely pleased with you.
You visited 2 branches of the dungeon, and saw 13 of its levels.

You collected 621 gold pieces.


Innate Abilities, Weirdness & Mutations

You have a pair of horns on your head.
You reflexively headbutt those who attack you in melee.


   Skills:
 + Level 11.1(16.1) Fighting
 - Level 16.0(21.0) Ranged Weapons
 - Level 5.1(10.1) Armour
 - Level 11.0(16.0) Dodging
 - Level 1.0 Spellcasting
 - Level 2.0 Hexes
 - Level 10.0 Invocations


You had 13 spell levels left.
You knew the following spells:

 Your Spells              Type           Power      Damage    Failure   Level
a - Slow                  Hex            8%         N/A       26%         1

Your spell library contained the following spells:

 Spells                   Type           Power      Damage    Failure   Level
 Inner Flame              Hex/Fire       1%         N/A       75%         3
 Portal Projectile        Hex/Tloc       2%         N/A       75%         3
 Cause Fear               Hex            1%         N/A       94%         4

Inventory:

Hand Weapons
 a - the +11 longbow of Meamoroh {antimagic, rN+}
   (You acquired it on level 1 of the Dungeon)

   rN:        It protects you from negative energy.
 Y - a +0 orcbow of chaos (weapon)
Armour
 d - a +1 pair of gloves (worn)
 i - a +0 pair of boots of rampaging (worn)
 j - a +0 troll leather armour (worn)
Jewellery
 b - a +5 ring of evasion (left hand)
 e - the amulet of Gurot (around neck) {Faith rPois rCorr Int-5 Dex+8}
   (You found it on level 4 of the Dungeon)

   [amulet of faith]

   It allows you to gain divine favour quickly.
   Int:       It affects your intelligence (-5).
   Dex:       It affects your dexterity (+8).
   rPois:     It protects you from poison.
   rCorr:     It protects you from acid and corrosion.
 f - a +6 ring of dexterity (right hand)
Wands
 k - a wand of digging (7)
Scrolls
 c - a scroll of identify
Potions
 g - 4 potions of enlightenment
 h - 2 potions of curing
 l - a potion of cancellation
 m - a potion of magic

Dungeon Overview and Level Annotations

Branches:
Dungeon (8/15)             Temple (0/1) D:7            Lair (5/5) D:8
 Shoals (0/4) Lair:3       Spider (0/4) Lair:3        Slime (0/5) Lair:5

Altars:
Hepliaklqana
Okawaru
Trog
Xom
Jiyva

Portals:
Abyss: D:3

Annotations:
D:3 2 transporters, qw's ghost, amateur GrHs
D:5 3 runed translucent doors, qw's ghost, novice MiHs


Message History

You shoot an arrow. The arrow hits the death yak!
The arrow freezes the death yak.
The death yak is heavily wounded.
The seven-headed hydra bites you!
The seven-headed hydra completely misses you. x3
The seven-headed hydra closely misses you.
The seven-headed hydra completely misses you.
The seven-headed hydra bites you.
You shoot an arrow. The arrow hits the death yak!
The death yak is severely wounded.
You kill the yak!
Okawaru accepts your kill. The death yak completely misses you.
You furiously retaliate!
You headbutt the death yak! The death yak gores you. The death yak gores you!
The komodo dragon misses you. You furiously retaliate!
You headbutt the komodo dragon! The yak completely misses you.
You furiously retaliate!
You headbutt the yak. You shoot an arrow. The arrow hits the death yak.
The death yak is severely wounded.
You shoot an arrow. The arrow hits the death yak.
The death yak is severely wounded.
The seven-headed hydra completely misses you.
You furiously retaliate!
You headbutt the seven-headed hydra.
The seven-headed hydra completely misses you.
The seven-headed hydra bites you.
The seven-headed hydra completely misses you. x3
The seven-headed hydra misses you. The death yak completely misses you. x3
You furiously retaliate!
You headbutt the death yak! The yak completely misses you.
The komodo dragon closely misses you. You furiously retaliate!
You headbutt the komodo dragon! You shoot an arrow.
The arrow hits the death yak.
The death yak seems to speed up.
The death yak is almost dead.
You shoot an arrow. The arrow hits the death yak!
You kill the death yak!
Okawaru accepts your kill.
The seven-headed hydra completely misses you. x3
The seven-headed hydra barely misses you.
The seven-headed hydra bites you.
You die...

#.... #..... #......
....... ##.......
###........ .>_.... ##
#..PY......
.......#.##.#%@Y.(...#
.............DYl...P##
#................#.##
#................# #
#.................
#..............###
#.<.......##
#.Y..........
#.Y...........


You could see 2 death yaks, a seven-headed hydra, a komodo dragon and a yak.

Vanquished Creatures
  Kirke (Lair:4)
  8 death yaks
  Sonja (Lair:3)
  Nergalle (Lair:3)
  A skyshark (Lair:1)
  An elephant (shapeshifter) (Lair:2)
  A black mamba (shapeshifter) (D:8)
  An elephant (Lair:1)
  A black mamba (Lair:4)
  10 cane toads
  6 komodo dragons
  3 rime drakes
  A meliai (Lair:3)
  2 polar bears (Lair:3)
  19 blink frogs
  2 wyverns (Lair:2)
  A spriggan (Lair:1)
  2 humans (Lair:4)
  41 yaks
  4 hogs (Lair:4)
  2 basilisks (Lair:2)
  Edmund (D:6)
  8 water moccasins
  A black bear (D:5)
  3 orc warriors
  A sky beast (D:7)
  5 ice beasts
  11 wolves
  2 centaurs
  A phantom (D:5)
  2 kobold brigands (D:6)
  8 bullfrogs
  A scorpion (D:5)
  A gnoll sergeant (D:8)
  4 wights (D:7)
  A killer bee (Lair:3)
  A howler monkey (D:6)
  2 electric eels (Lair:2)
  6 hounds
  2 jellies
  3 orc priests
  2 sleepcaps
  2 gnoll boudas (D:6)
  9 iguanas
  6 orc wizards
  6 adders
  17 gnolls
  A shadow imp (D:7)
  2 white imps
  3 worms
  4 dart slugs
  16 orcs
  8 ball pythons
  4 bats
  10 endoplasms
  3 giant cockroaches (D:2)
  3 goblins
  3 hobgoblins
  6 jackals
  5 frilled lizards
  6 kobolds
289 creatures vanquished.

Notes
Turn   | Place    | Note
-------+----------+-------------------------------------------
     0 | D:1      | qw the Minotaur Hexslinger began the quest for the Orb.
     0 | D:1      | Reached XP level 1. HP: 16/16 MP: 1/1
     0 | D:1      | 0 ||| qw: Version: 0.3-a-52-g30416fa
     0 | D:1      | 0 ||| qw: Game counter: 7415
     0 | D:1      | 0 ||| qw: Melee chars always use a shield: true
     0 | D:1      | 0 ||| qw: God list: Okawaru
     0 | D:1      | 0 ||| qw: Allow faded altars: false
     0 | D:1      | 0 ||| qw: Do Orc after clearing Dungeon:15 true
     0 | D:1      | 0 ||| qw: Do second Lair branch before Depths: true
     0 | D:1      | 0 ||| qw: Lair rune preference: random
     0 | D:1      | 0 ||| qw: Goals: Normal
     0 | D:1      | 0 ||| PLANNING D:1-11
   229 | D:1      | Reached skill level 3 in Ranged Weapons
   272 | D:1      | Reached XP level 2. HP: 15/23 MP: 2/2
   974 | D:1      | 974 ||| UPGRADING to +0 ring mail.
   984 | D:1      | 984 ||| DROPPING +0 robe.
   985 | D:1      | 985 ||| READING scroll labelled REJAEWKELA.
   985 | D:1      | Identified a scroll of acquirement
   985 | D:1      | 985 ||| ACQUIRING +11 longbow of Meamoroh {antimagic, rN+}
   985 | D:1      | Acquired the +11 longbow of Meamoroh {antimagic, rN+}
   987 | D:1      | 987 ||| SWAPPING to +11 longbow of Meamoroh {antimagic,
                  | rN+}.
   988 | D:1      | 988 ||| DROPPING +1 sling.
   989 | D:1      | 989 ||| READING scroll labelled VICULURPHOJ.
   990 | D:1      | 990 ||| READING scroll labelled SUUJUFF TIER.
   991 | D:1      | 991 ||| READING scroll labelled QOBBERU PYKAASO.
   992 | D:1      | 992 ||| DRINKING 2 fizzy golden potions.
   993 | D:1      | 993 ||| DROPPING scroll of poison.
  1120 | D:2      | Reached XP level 3. HP: 29/29 MP: 1/3
  1186 | D:2      | Reached skill level 4 in Ranged Weapons
  1426 | D:2      | Reached skill level 1 in Armour
  1612 | D:2      | 1612 ||| UPGRADING to +0 pair of gloves.
  1617 | D:2      | 1617 ||| READING scroll labelled GUFAEWA FUANA.
  1738 | D:3      | Found a transporter.
  1746 | D:3      | 1746 ||| FLEEEEING.
  1801 | D:3      | Found a bloodstained altar of Trog.
  1904 | D:3      | Reached XP level 4. HP: 36/36 MP: 1/4
  1950 | D:3      | Found a transporter.
  1955 | D:3      | Noticed a small abomination
  1962 | D:3      | Noticed a kobold brigand
  2013 | D:3      | Found a one-way gate to the infinite horrors of the Abyss.
  2016 | D:3      | Noticed qw's ghost (amateur GrHs)
  2107 | D:3      | 2107 ||| UPGRADING to +5 ring of evasion.
  2108 | D:3      | 2108 ||| READING scroll labelled TECRO QARPHIBB.
  2109 | D:3      | 2109 ||| READING 2 scrolls of identify.
  2109 | D:3      | 2109 ||| IDENTIFYING clear potion
  2204 | D:4      | Identified the amulet of Gurot {Faith rPois rCorr Int-5
                  | Dex+8}
  2250 | D:4      | Reached skill level 5 in Ranged Weapons
  2262 | D:4      | Reached XP level 5. HP: 41/41 MP: 1/5
  2449 | D:4      | Reached skill level 3 in Fighting
  2496 | D:4      | 2496 ||| READING scroll of acquirement.
  2496 | D:4      | 2496 ||| ACQUIRING +0 pair of boots of rampaging
  2496 | D:4      | Acquired a +0 pair of boots of rampaging
  2498 | D:4      | 2498 ||| UPGRADING to +0 pair of boots of rampaging.
  2586 | D:4      | Found an iron altar of Okawaru.
  2586 | D:4      | Found a shimmering altar of Xom.
  2587 | D:4      | 2587 ||| PLANNING OKAWARU WORSHIP
  2587 | D:4      | 2587 ||| UPGRADING to amulet of Gurot {Faith rPois rCorr
                  | Int-5 Dex+8}.
  2592 | D:4      | 2592 ||| READING scroll labelled IKAUBAXAUK.
  2699 | D:4      | Became a worshipper of Warmaster Okawaru
  2700 | D:4      | 2700 ||| PLANNING D:1-11
  2736 | D:5      | Entered Level 5 of the Dungeon
  2771 | D:5      | Noticed a black bear
  2773 | D:5      | Killed a black bear
  2773 | D:5      | Reached * piety under Okawaru
  2774 | D:5      | Reached skill level 6 in Ranged Weapons
  2774 | D:5      | Reached XP level 6. HP: 51/51 MP: 2/6
  2794 | D:5      | Reached skill level 1 in Invocations
  2815 | D:5      | Found a hazy altar of Hepliaklqana.
  2939 | D:5      | 2939 ||| FLEEEEING.
  2940 | D:5      | 2940 ||| FLEEEEING.
  3062 | D:5      | 3062 ||| INVOKING Heroism.
  3091 | D:5      | 3091 ||| INVOKING Heroism.
  3098 | D:5      | Reached XP level 7. HP: 59/59 MP: 0/8
  3108 | D:5      | Reached skill level 3 in Invocations
  3109 | D:5      | Reached skill level 7 in Ranged Weapons
  3110 | D:5      | 3110 ||| FLEEEEING.
  3111 | D:5      | 3111 ||| FLEEEEING.
  3115 | D:5      | 3115 ||| STAIRDANCE
  3138 | D:4      | 3138 ||| READING 3 scrolls of identify.
  3138 | D:4      | 3138 ||| IDENTIFYING glowing grey potion
  3139 | D:4      | 3139 ||| READING 2 scrolls of identify.
  3139 | D:4      | 3139 ||| IDENTIFYING murky blue potion
  3140 | D:4      | 3140 ||| DROPPING potion of degeneration.
  3157 | D:5      | 3157 ||| SWAPPING to +0 orcbow of draining.
  3223 | D:5      | Reached ** piety under Okawaru
  3260 | D:5      | Found a runed translucent gate.
  3260 | D:5      | Found a runed translucent gate.
  3261 | D:5      | Found a runed translucent gate.
  3263 | D:5      | Noticed qw's ghost (novice MiHs)
  3402 | D:6      | 3402 ||| STAIRDANCE
  3521 | D:6      | Reached skill level 3 in Dodging
  3552 | D:6      | Noticed Edmund
  3553 | D:6      | 3553 ||| INVOKING Heroism.
  3557 | D:6      | Killed Edmund
  3558 | D:6      | Reached skill level 8 in Ranged Weapons
  3558 | D:6      | Reached XP level 8. HP: 66/66 MP: 7/10
  3604 | D:6      | 3604 ||| INVOKING Heroism.
  3715 | D:6      | 3715 ||| Stepping ~*~*~tactically~*~*~ (outnumbered).
  3717 | D:6      | 3717 ||| Stepping ~*~*~tactically~*~*~ (outnumbered).
  3718 | D:6      | 3718 ||| INVOKING Heroism.
  3721 | D:6      | 3721 ||| Stepping ~*~*~tactically~*~*~ (outnumbered).
  3727 | D:6      | 3727 ||| Stepping ~*~*~tactically~*~*~ (outnumbered).
  3741 | D:6      | Reached skill level 9 in Ranged Weapons
  3930 | D:6      | 3930 ||| INVOKING Heroism.
  4070 | D:6      | 4070 ||| READING scroll labelled EKLURHISYO.
  4071 | D:6      | 4071 ||| READING 3 scrolls of identify.
  4071 | D:6      | 4071 ||| IDENTIFYING bubbling clear potion
  4072 | D:6      | 4072 ||| DROPPING potion of brilliance.
  4084 | D:7      | 4084 ||| INVOKING Heroism.
  4179 | D:7      | Found a staircase to the Ecumenical Temple.
  4182 | D:7      | Reached skill level 6 in Fighting
  4259 | D:7      | 4259 ||| INVOKING Heroism.
  4265 | D:7      | 4265 ||| Stepping ~*~*~tactically~*~*~ (outnumbered).
  4269 | D:7      | Reached *** piety under Okawaru
  4270 | D:7      | Reached skill level 10 in Ranged Weapons
  4270 | D:7      | Reached XP level 9. HP: 75/75 MP: 9/11
  4307 | D:7      | 4307 ||| INVOKING Heroism.
  4310 | D:7      | Reached skill level 3 in Armour
  4332 | D:7      | 4332 ||| INVOKING Heroism.
  4750 | D:7      | 4750 ||| READING scroll labelled WUCVO DUARGH.
  4751 | D:7      | 4751 ||| READING scroll labelled VANWADE SA VES.
  4752 | D:7      | 4752 ||| READING 2 scrolls of identify.
  4752 | D:7      | 4752 ||| IDENTIFYING smoky orange potion
  4753 | D:7      | 4753 ||| DROPPING potion of berserk rage.
  4771 | D:8      | 4771 ||| PLANNING OSSUARY
  4777 | D:8      | 4777 ||| INVOKING Heroism.
  4937 | D:8      | 4937 ||| Stepping ~*~*~tactically~*~*~ (outnumbered).
  4941 | D:8      | Noticed a rime drake
  4942 | D:8      | 4942 ||| Stepping ~*~*~tactically~*~*~ (outnumbered).
  4959 | D:8      | Reached skill level 11 in Ranged Weapons
  4967 | D:8      | 4967 ||| INVOKING Heroism.
  4972 | D:8      | Killed a rime drake
  4973 | D:8      | HP: 13/79 [ice beast (13)]
  4974 | D:8      | 4974 ||| DRINKING 2 potions of heal wounds.
  4975 | D:8      | Reached **** piety under Okawaru
  4976 | D:8      | Reached skill level 12 in Ranged Weapons
  4976 | D:8      | 4976 ||| FLEEEEING.
  4977 | D:8      | 4977 ||| FLEEEEING.
  4978 | D:8      | 4978 ||| FLEEEEING.
  4979 | D:8      | 4979 ||| FLEEEEING.
  5008 | D:8      | 5008 ||| FLEEEEING.
  5009 | D:8      | 5009 ||| FLEEEEING.
  5010 | D:8      | 5010 ||| STAIRDANCE
  5165 | D:8      | Found a staircase to the Lair.
  5231 | D:8      | 5231 ||| READING scroll of enchant armour.
  5231 | D:8      | 5231 ||| ENCHANTING +0 pair of gloves.
  5308 | D:8      | a shapeshifter changed into a black mamba
  5308 | D:8      | Noticed a black mamba (shapeshifter)
  5314 | D:8      | 5314 ||| INVOKING Heroism.
  5321 | D:8      | Killed a black mamba
  5322 | D:8      | Reached skill level 6 in Dodging
  5322 | D:8      | Reached XP level 10. HP: 41/86 MP: 9/12
  5408 | D:8      | 5408 ||| RIP OSSUARY
  5467 | D:8      | 5467 ||| PLANNING LAIR
  5467 | D:8      | 5467 ||| UPGRADING to +0 robe of fire resistance.
  5514 | D:8      | 5514 ||| INVOKING Heroism.
  5542 | Lair:1   | Entered Level 1 of the Lair of Beasts
  5597 | Lair:1   | Noticed a cane toad
  5598 | Lair:1   | 5598 ||| INVOKING Heroism.
  5606 | Lair:1   | Killed a cane toad
  5770 | Lair:1   | 5770 ||| INVOKING Heroism.
  5789 | Lair:1   | Reached skill level 6 in Invocations
  5795 | Lair:1   | 5795 ||| INVOKING Heroism.
  5798 | Lair:1   | Reached ***** piety under Okawaru
  5966 | Lair:1   | 5966 ||| INVOKING Heroism.
  5979 | Lair:1   | HP: 21/88 [yak (6)]
  5980 | Lair:1   | 5980 ||| DRINKING potion of heal wounds.
  6124 | Lair:1   | Reached XP level 11. HP: 94/94 MP: 16/16
  6135 | Lair:1   | 6135 ||| INVOKING Heroism.
  6212 | Lair:1   | Noticed a skyshark
  6223 | Lair:1   | 6223 ||| INVOKING Heroism.
  6241 | Lair:1   | Killed a skyshark
  6242 | Lair:1   | Reached skill level 13 in Ranged Weapons
  6342 | Lair:1   | 6342 ||| INVOKING Heroism.
  6348 | Lair:1   | Identified the +0 buckler of the Bard {Str+6} (Okawaru
                  | gifted it to you on level 1 of the Lair of Beasts)
  6348 | Lair:1   | Received a gift from Okawaru
  6359 | Lair:1   | Reached skill level 9 in Invocations
  6760 | Lair:1   | 6760 ||| DROPPING +0 ring mail.
  6761 | Lair:1   | 6761 ||| UPGRADING to +0 troll leather armour.
  6771 | Lair:1   | 6771 ||| DROPPING +0 robe of fire resistance.
  6772 | Lair:1   | 6772 ||| READING scroll labelled VIRGHU ZE BIYSTILA.
  6773 | Lair:1   | 6773 ||| READING 2 scrolls of identify.
  6773 | Lair:1   | 6773 ||| IDENTIFYING cyan potion
  6835 | Lair:2   | 6835 ||| INVOKING Heroism.
  6839 | Lair:2   | Reached skill level 9 in Fighting
  6870 | Lair:2   | 6870 ||| INVOKING Heroism.
  6895 | Lair:2   | 6895 ||| Stepping ~*~*~tactically~*~*~ (outnumbered).
  6900 | Lair:2   | 6900 ||| INVOKING Heroism.
  6916 | Lair:2   | 6916 ||| Stepping ~*~*~tactically~*~*~ (outnumbered).
  6918 | Lair:2   | 6918 ||| Stepping ~*~*~tactically~*~*~ (outnumbered).
  6920 | Lair:2   | 6920 ||| Stepping ~*~*~tactically~*~*~ (outnumbered).
  6922 | Lair:2   | 6922 ||| Stepping ~*~*~tactically~*~*~ (outnumbered).
  6928 | Lair:2   | 6928 ||| DRINKING potion of cancellation.
  6941 | Lair:2   | 6941 ||| INVOKING Heroism.
  7156 | Lair:2   | 7156 ||| INVOKING Heroism.
  7307 | Lair:2   | 7307 ||| INVOKING Heroism.
  7313 | Lair:2   | a komodo dragon changed into a glowing shapeshifter
  7313 | Lair:2   | Noticed a glowing shapeshifter (glowing shapeshifter)
  7313 | Lair:2   | a glowing shapeshifter changed into a shock serpent
  7313 | Lair:2   | Noticed a shock serpent (glowing shapeshifter)
  7315 | Lair:2   | a shock serpent changed into an elephant
  7751 | Lair:2   | 7751 ||| READING 3 scrolls of identify.
  7751 | Lair:2   | 7751 ||| IDENTIFYING red potion
  7752 | Lair:2   | 7752 ||| READING 2 scrolls of identify.
  7752 | Lair:2   | 7752 ||| IDENTIFYING pink potion
  7753 | Lair:2   | 7753 ||| DROPPING potion of lignification.
  7754 | Lair:2   | 7754 ||| DROPPING potion of attraction.
  7786 | Lair:3   | Found a hole to the Spider Nest.
  7787 | Lair:3   | 7787 ||| INVOKING Heroism.
  7819 | Lair:3   | 7819 ||| INVOKING Heroism.
  7861 | Lair:3   | 7861 ||| INVOKING Heroism.
  7904 | Lair:3   | Reached skill level 14 in Ranged Weapons
  7904 | Lair:3   | Noticed Nergalle
  7905 | Lair:3   | 7905 ||| INVOKING Heroism.
  7911 | Lair:3   | Noticed Sonja
  7912 | Lair:3   | 7912 ||| Stepping ~*~*~tactically~*~*~ (outnumbered).
  7925 | Lair:3   | Killed Sonja
  7936 | Lair:3   | Killed Nergalle
  7937 | Lair:3   | Reached XP level 12. HP: 35/106 MP: 18/18
  8029 | Lair:3   | 8029 ||| INVOKING Heroism.
  8052 | Lair:3   | Found a staircase to the Shoals.
  8102 | Lair:3   | 8102 ||| INVOKING Heroism.
  8301 | Lair:3   | 8301 ||| INVOKING Heroism.
  8311 | Lair:3   | Reached skill level 9 in Dodging
  8345 | Lair:3   | 8345 ||| INVOKING Heroism.
  8345 | Lair:3   | Identified the +0 pair of gloves "Iwahoot" {Harm} (Okawaru
                  | gifted it to you on level 3 of the Lair of Beasts)
  8345 | Lair:3   | Received a gift from Okawaru
  8738 | Lair:3   | 8738 ||| DROPPING +0 pair of gloves "Iwahoot" {Harm}.
  8739 | Lair:3   | 8739 ||| UPGRADING to +6 ring of dexterity.
  8740 | Lair:3   | 8740 ||| DROPPING ring of flight.
  8741 | Lair:3   | 8741 ||| READING 2 scrolls of identify.
  8741 | Lair:3   | 8741 ||| IDENTIFYING purple potion
  8764 | Lair:4   | 8764 ||| INVOKING Heroism.
  8777 | Lair:4   | Reached skill level 15 in Ranged Weapons
  9023 | Lair:4   | Noticed Kirke
  9024 | Lair:4   | 9024 ||| INVOKING Heroism.
  9027 | Lair:4   | 9027 ||| INVOKING Finesse.
  9033 | Lair:4   | 9033 ||| Stepping ~*~*~tactically~*~*~ (outnumbered).
  9053 | Lair:4   | 9053 ||| INVOKING Heroism.
  9056 | Lair:4   | Killed Kirke
  9117 | Lair:4   | Noticed a death yak
  9118 | Lair:4   | 9118 ||| INVOKING Heroism.
  9118 | Lair:4   | Noticed a death yak
  9120 | Lair:4   | Noticed a death yak
  9121 | Lair:4   | Noticed a death yak
  9121 | Lair:4   | Noticed a death yak
  9121 | Lair:4   | Noticed a death yak
  9124 | Lair:4   | Killed a death yak
  9136 | Lair:4   | Killed a death yak
  9141 | Lair:4   | Killed a death yak
  9142 | Lair:4   | Reached skill level 16 in Ranged Weapons
  9146 | Lair:4   | Killed a death yak
  9147 | Lair:4   | 9147 ||| INVOKING Finesse.
  9153 | Lair:4   | Killed a death yak
  9165 | Lair:4   | Killed a death yak
  9223 | Lair:4   | 9223 ||| INVOKING Heroism.
  9401 | Lair:4   | Reached XP level 13. HP: 116/116 MP: 19/19
  9514 | Lair:4   | Identified the +7 glaive of Regicide {freeze, Fly rC+}
  9639 | Lair:4   | 9639 ||| DROPPING +6 ring of strength.
  9680 | Lair:5   | Entered Level 5 of the Lair of Beasts
  9680 | Lair:5   | Found a viscous altar of Jiyva.
  9680 | Lair:5   | Found a staircase to the Slime Pits.
  9681 | Lair:5   | 9681 ||| INVOKING Heroism.
  9687 | Lair:5   | 9687 ||| INVOKING Finesse.
  9724 | Lair:5   | 9724 ||| INVOKING Finesse.
  9731 | Lair:5   | HP: 26/116 [yak (12)]
  9731 | Lair:5   | HP: 4/116 [death yak (22)]
  9732 | Lair:5   | 9732 ||| DRINKING potion of heal wounds.
  9737 | Lair:5   | HP: 4/116 [seven-headed hydra (5)]
  9739 | Lair:5   | Slain by a seven-headed hydra

Levels and vault maps discovered:
D:1:      dpeg_arrival_simpleton_b, layout_basic, kennysheep_small_spiral,
          nrook_uturn
D:2:      layout_loops_ring
D:3:      layout_rooms, mainiacjoe_overflow_brackets,
          gammafunk_ghost_abyssal_escape, minmay_misc_feat_secret_circle,
          corner_web_ring
D:4:      layout_rooms, gammafunk_temple_overflow_pools
D:5:      layout_basic, nzn_hepliaklqana_mist_gate, gammafunk_ghost_split
D:6:      layout_rooms, minmay_fractal_squares_5, uniq_edmund
D:7:      layout_loops_ring, minmay_temple_entry_statues_fountains
D:8:      layout_loops_ring, hellmonk_lair_entry_icy, enter_ossuary_4
Lair:1:   layout_cave_pods, grunt_forest_large_clearing_hut
Lair:2:   layout_cave_pods, serial_bayou_shore_a
Lair:3:   layout_gridlike, shoals_dummy_entry,
          hellmonk_spider_entry_not_the_bees, beast_lair_carwin_6,
          uniq_nergalle, uniq_sonja
Lair:4:   layout_regular_city, uniq_kirke
Lair:5:   hangedman_lair_tendril_chambers, layout_hall_layers, slime_entry_1

Skill      XL: |  1  2  3  4  5  6  7  8  9 10 11 12 13 |
---------------+----------------------------------------+-----
Ranged Weapons | 3 4 5 6 8 10 12 14 16 | 16.0
Fighting       | 2 3 4 6 7 8 10 11 | 11.1
Armour         | 1 2 3 4 5 |  5.1
Invocations    | 2 4 5 8 10 | 10.0
Dodging        | 3 4 6 7 8 10 11 | 11.0
Spellcasting   | |  1.0
Hexes          | |  2.0

Action                     |  1- 3 |  4- 6 |  7- 9 | 10-12 | 13-15 || total
---------------------------+-------+-------+-------+-------+-------++-------
   Fire: Sling             |    32 |       |       |       |       ||    32
         Longbow           |    38 |    76 |    12 |       |       ||   126
         Orcbow            |       |       |   251 |   562 |    57 ||   870
 Invoke: Heroism           |       |     2 |    11 |    27 |     1 ||    41
         Finesse           |       |       |       |     2 |     2 ||     4
    Use: Scroll            |     5 |     4 |     8 |     5 |       ||    22
         Potion            |     1 |       |     1 |     2 |     1 ||     5
 Armour: Ring mail         |     3 |     5 |    21 |       |       ||    29
         Robe              |       |       |       |    10 |       ||    10
         Troll leather arm |       |       |       |    15 |     2 ||    17
  Dodge: Dodged            |     3 |    21 |   108 |   246 |    97 ||   475

Table legend:
 A = Non-vault XP
 B = Vault XP
 C = Vault XP percentage of total XP
 D = Non-vault monster count
 E = Vault monster count
 F = Vault count percentage of total count
                 A         B        C        D         E       F
            +---------+---------+-------+---------+---------+-------
      Total |   34268 |    9015 |  20.8 |     247 |      41 |  14.2
            +---------+---------+-------+---------+---------+-------
        D:1 |      23 |       0 |   0.0 |      13 |       0 |   0.0
        D:2 |      57 |       0 |   0.0 |      16 |       0 |   0.0
        D:3 |      20 |       0 |   0.0 |       9 |       0 |   0.0
        D:4 |     140 |       0 |   0.0 |      22 |       0 |   0.0
        D:5 |     857 |       0 |   0.0 |      22 |       0 |   0.0
        D:6 |     583 |     588 |  50.2 |      19 |       9 |  32.1
        D:7 |    1243 |       0 |   0.0 |      23 |       0 |   0.0
        D:8 |    1123 |    1448 |  56.3 |      18 |      10 |  35.7
     Lair:1 |    7699 |    1422 |  15.6 |      35 |       3 |   7.9
     Lair:2 |    3672 |       0 |   0.0 |      15 |       0 |   0.0
     Lair:3 |    5719 |    3112 |  35.2 |      19 |      13 |  40.6
     Lair:4 |    8201 |    2445 |  23.0 |      19 |       6 |  24.0
     Lair:5 |    4931 |       0 |   0.0 |      17 |       0 |   0.0
            +---------+---------+-------+---------+---------+-------
